 Dungeon Crawl Stone Soup version 0.31.0-11-ge490571c62 (webtiles) character file.

Game seed: 18235497817780780556

8917 Goblin1989 the Slicer (level 11, -10/83 HPs)
             Began as a Demonspawn Brigand on Feb 7, 2024.
             Was a Follower of Uskayaw.
             Killed from afar by a molten gargoyle (19 damage)
             ... with a bolt of magma
             ... on level 10 of the Dungeon.
             The game lasted 00:35:34 (8944 turns).

Goblin1989 the Slicer (Demonspawn Brigand)          Turns: 8944, Time: 00:35:34

Health: -10/83     AC: 10    Str: 12    XL:     11   Next: 16%
Magic:  17/17      EV: 15    Int: 11    God:    Uskayaw [*.....]
Gold:   519        SH:  0    Dex: 19    Spells: 12/15 levels left

rFire   + . .        b - +1 dagger (venom)
rCold   x . .        (no shield)
rNeg    . . .        K - +0 steam dragon scales
rPois   .            C - +0 helmet
rElec   .            c - +0 cloak
rCorr   .            t - +0 pair of gloves
SInv    .            g - +0 pair of boots
Will    .....        q - amulet of regeneration
Stlth   +++          Z - ring of fire
HPRegen 1.13/turn    O - +4 ring of slaying
MPRegen 0.30/turn

%: no passive effects
@: no status effects
A: hooves 2, ignite blood 1, magic regeneration, sharp scales 1
a: Renounce Religion, Stomp


You were on level 10 of the Dungeon.
You worshipped Uskayaw.
Uskayaw was aware of your devotion.
You visited 2 branches of the dungeon, and saw 12 of its levels.

You collected 519 gold pieces.

Inventory:

Hand Weapons
 a - a +1 dagger of speed
 b - a +1 dagger of venom (weapon)
 G - a +0 dagger of protection
 H - a +1 dagger of flaming
Missiles
 d - 28 poisoned darts (quivered)
 v - 9 boomerangs {@Q3}
 P - 2 datura-tipped darts
 R - a curare-tipped dart
Armour
 c - a +0 cloak (worn)
 e - a +0 troll leather armour
 g - a +0 pair of boots (worn)
 s - +0 acid dragon scales
 t - a +0 pair of gloves (worn)
 C - a +0 helmet (worn)
 K - +0 steam dragon scales (worn)
 L - the +0 leather armour of the Merchant {+Blink rF+}
   (You took it off an orc on level 6 of the Dungeon)

   rF+:       It protects you from fire.
   +Blink:    It lets you blink.
Magical Staves
 i - a staff of fire
Jewellery
 j - a ring of ice
 m - a ring of poison resistance
 o - a ring of fire
 q - an amulet of regeneration (around neck)
 x - a ring of wizardry
 I - an amulet of faith {!P}
 N - an amulet of the acrobat
 O - a +4 ring of slaying (right hand)
 V - a +6 ring of dexterity
 Z - a ring of fire (left hand)
Wands
 T - a wand of charming (11)
Scrolls
 f - a scroll of blinking
 h - a scroll of fog {unknown}
 l - 2 scrolls of immolation {unknown}
 n - 2 scrolls of teleportation {!r, @r2}
 p - a scroll of brand weapon {unknown}
 w - 2 scrolls of revelation
 y - 2 scrolls of identify {@r1}
 A - a scroll of enchant weapon {unknown}
 B - a scroll of noise {unknown}
 D - 2 scrolls of torment {unknown}
 E - a scroll of silence {unknown}
 J - 2 scrolls of amnesia
 U - a scroll of butterflies {unknown}
Potions
 k - a potion of curing {@q1}
 r - 2 potions of enlightenment
 u - 4 potions of might {unknown}
 z - 3 potions of haste
 F - 2 potions of heal wounds {@q2}
 M - a potion of degeneration {unknown}
 Q - 2 potions of berserk rage {unknown}
 S - 2 potions of brilliance {unknown}
 X - 2 potions of ambrosia {unknown}


   Skills:
 + Level 6.8 Fighting
 * Level 11.1 Short Blades
 - Level 1.7 Throwing
 + Level 6.0 Dodging
 - Level 5.0 Stealth
 + Level 2.5 Spellcasting
 + Level 3.5 Hexes
 + Level 8.3 Invocations


You had 12 spell levels left.
You knew the following spells:

 Your Spells              Type           Power      Damage    Failure   Level
a - Confusing Touch       Hex            9%         N/A       21%         3

Your spell library contained the following spells:

 Spells                   Type           Power      Damage    Failure   Level
 Ensorcelled Hibernation  Hex/Ice        10%        N/A       21%         2
 Kiss of Death            Conj/Necr      4%         2d5       28%         1
 Blink                    Tloc           2%         N/A       38%         2
 Call Imp                 Summ           2%         N/A       38%         2
 Lesser Beckoning         Tloc           2%         N/A       38%         2
 Momentum Strike          Conj/Tloc      2%         3d8       38%         2
 Sublimation of Blood     Necr           1%         N/A       38%         2
 Fugue of the Fallen      Necr           1%         N/A       63%         3
 Anguish                  Hex/Necr       2%         N/A       80%         4
 Dispel Undead            Necr           1%         3d6       95%         4
 Summon Mana Viper        Hex/Summ       5%         N/A       98%         5
 Summon Forest            Summ/Tloc      0%         N/A       100%        5
 Summon Cactus Giant      Summ           0%         N/A       100%        6
 Summon Hydra             Summ           0%         N/A       100%        7


Dungeon Overview and Level Annotations

Branches:
Dungeon (11/15) Zot: 26797  Temple (1/1) D:4 Zot: 5957     Orc (0/2) D:9
   Lair: D:8-11

Altars:
Ashenzari
Cheibriados
Dithmenos
Fedhas
Gozag
Hepliaklqana
Kikubaaqudgha
Makhleb
Nemelex Xobeh
Okawaru
Qazlal
Ru
Sif Muna
Trog
Uskayaw
Vehumet
Wu Jian
Xom
Yredelemnul

Shops:
D:4 [

Annotations:
D:2 1 runed translucent door, Crazy Yiuf
D:9 2 runed translucent doors, mopl's ghost, novice DrEn


Innate Abilities, Weirdness & Mutations

You have hoof-like feet.
Your demonic aura sometimes causes spilled blood to erupt in flames.
You regenerate magic rapidly.
You are partially covered in razor-sharp scales. (AC +1, Slay +1)


Message History

You hit the kobold.
You kill the kobold!
The molten gargoyle blasts magma at you!
The bolt of magma hits you!
The molten gargoyle hits you with a +0 mace!
You are engulfed in flames!
You are too injured to fight recklessly!
You take 36 damage, and have 47/83 hp.
MASSIVE DAMAGE!!
You are too injured to fight recklessly!
You are too injured to fight recklessly!
Items here: ( ) [ †.
The molten gargoyle blasts magma at you!
The bolt of magma hits you!!
* * * LOW HITPOINT WARNING * * *
You take 31 damage, and have 17/83 hp.
MASSIVE DAMAGE!!
You see here a +0 dagger.
The molten gargoyle blasts magma at you!
The bolt of magma misses you.
Your +1 dagger of venom stops dripping with poison.
i - a staff of fire (weapon)
You can no longer pass through a line of other dancers.
The molten gargoyle blasts magma at you!
The bolt of magma hits you! You partially resist.
* * * LOW HITPOINT WARNING * * *
You take 8 damage, and have 15/83 hp.
You regained 2 hp, and now have 18/83 hp.
A kobold demonologist comes into view. It is wielding a +0 dagger.
You see here a +0 club.
A kobold brigand comes into view.
It is wielding a +0 whip of draining and quivering poisoned darts.
There is a stone staircase leading up here.
The molten gargoyle blasts magma at you!
The bolt of magma misses you.
The kobold brigand shouts!
You climb upwards.
There is a stone staircase leading down here.
You regained 3 hp, and now have 27/83 hp.
Okay, then.
You start resting.
HP restored.
Health restored: 83 You see here a +1 lajatang of distortion {!w}.
Things that are here:
a +0 robe; a +0 dagger
There is a stone staircase leading down here.
You climb downwards.
Found a pink potion and 37 gold pieces.
There is a stone staircase leading up here.
You climb upwards.
There is a stone staircase leading down here.
Your hands tingle!
a - a +1 dagger of speed (weapon)
Your +1 dagger of venom begins to drip with poison!
b - a +1 dagger of venom (weapon)
Things that are here:
a +0 robe; a +0 dagger
There is a stone staircase leading down here.
You climb downwards.
The molten gargoyle hits you with a +0 dire flail!
You are engulfed in flames!
There is a stone staircase leading up, spattered with blood here.
You take 26 damage, and have 57/83 hp.
MASSIVE DAMAGE!!
You can't go down here!
The molten gargoyle blasts magma at you!
The bolt of magma hits you!!
* * * LOW HITPOINT WARNING * * *
You hear a shout!
You climb upwards.
There is a stone staircase leading down here.
You take 19 damage, and have 38/83 hp.
MASSIVE DAMAGE!!
You hit the molten gargoyle but do no damage.
The molten gargoyle barely misses you.
You're wearing all the rings you can.
Remove which one? (? for menu, Esc to cancel) < or
m - a ring of poison resistance; > or
O - a +4 ring of slaying You remove your ring of poison resistance.
You feel more attuned to fire.
Z - a ring of fire (left hand)
The molten gargoyle blasts magma at you!
The bolt of magma hits you! You partially resist.
* * * LOW HITPOINT WARNING * * *
You take 14 damage, and have 26/83 hp.
You hit the molten gargoyle.
The molten gargoyle is lightly damaged.
You hit the molten gargoyle but do no damage.
You punch the molten gargoyle, but do no damage.
The molten gargoyle is lightly damaged.
The molten gargoyle hits you with a +0 dire flail!!
* * * LOW HITPOINT WARNING * * *
You are engulfed in flames.
You resist.
* * * LOW HITPOINT WARNING * * *
You take 22 damage, and have 5/83 hp.
MASSIVE DAMAGE!!
The molten gargoyle attacks as it pursues you!
The molten gargoyle hits you but does no damage.
You hit the molten gargoyle but do no damage.
The molten gargoyle is lightly damaged.
You hit the molten gargoyle but do no damage.
The molten gargoyle is lightly damaged.
The molten gargoyle blasts magma at you!
The bolt of magma hits you!! You partially resist.
You die...

█████████......██.████.█.██.
██████.......█.████.██......█....
.......█████.█.█....[.[█████████.
..███..██........██.██.█ █..
..........██.█.████.██.█ █..
..█.█..█████.......)██.█ █..
.............█......██.█ █..
.......██.......██.███.███ █..
.███.█.██.......@........██████..
.......██......9██.██..█.........
███...███....[...>.██.██.........
█....█ █...<...█████.███........
█....█ █.......█ █.█ ███████..
█.████ █.......███ █.█ █.. █.█
███████...███.█ █.. █.████
█.....██.█ █.. █....█ █........█
██████..


You could see a molten gargoyle.

Vanquished Creatures
  Erica (D:9)
  A two-headed ogre (D:9)
  Maurice (D:9)
  Jeremiah (D:6)
  A troll (D:10)
  Prince Ribbit (D:7)
  Sigmund (D:3)
  A vampire (D:10)
  2 steam dragons
  13 yaks
  2 wyverns
  Menkaure (D:4)
  An acid dragon (D:9)
  An ice beast (D:6)
  3 sky beasts
  An orc warrior (D:10)
  2 ogres
  5 centaurs
  2 kobold brigands
  Blork the orc (D:5)
  3 bullfrogs (D:8)
  A scorpion (D:5)
  20 wights
  6 killer bees (D:10)
  2 howler monkeys (D:7)
  A bombardier beetle (D:4)
  2 jellies (D:5)
  3 hounds
  3 orc priests
  Jessica (D:2)
  2 iguanas
  13 orc wizards
  A sleepcap (D:4)
  Robin (D:4)
  4 gnolls (D:5)
  2 adders
  4 ufetubi
  3 dart slugs
  40 orcs
  7 bats
  8 endoplasms
  2 giant cockroaches (D:3)
  18 goblins
  9 hobgoblins
  4 jackals (D:2)
  12 kobolds
  5 quokkas
  9 ball pythons
  2 frilled lizards (D:1)
  13 rats
243 creatures vanquished.

Notes
Turn   | Place    | Note
-------+----------+-------------------------------------------
     0 | D:1      | Goblin1989 the Demonspawn Brigand began the quest for the
                  | Orb.
     0 | D:1      | Reached XP level 1. HP: 16/16 MP: 1/1
    52 | D:1      | Reached skill level 2 in Short Blades
   159 | D:1      | Gained mutation: Your demonic aura sometimes causes spilled
                  | blood to erupt in flames. [demonic ancestry]
   159 | D:1      | Reached XP level 2. HP: 17/22 MP: 2/2
   264 | D:1      | Reached skill level 3 in Short Blades
   425 | D:1      | Reached XP level 3. HP: 20/27 MP: 3/3
  1053 | D:2      | Found a sacrificial altar of Ru.
  1207 | D:2      | Noticed Jessica
  1210 | D:2      | Killed Jessica
  1211 | D:2      | Reached skill level 4 in Short Blades
  1211 | D:2      | Reached XP level 4. HP: 33/33 MP: 4/4
  1271 | D:2      | Found a runed translucent door.
  1272 | D:2      | Noticed Crazy Yiuf
  1726 | D:3      | Noticed Sigmund
  2215 | D:3      | Found a faded altar of an unknown god.
  2352 | D:3      | Killed Sigmund
  2353 | D:3      | Reached skill level 5 in Short Blades
  2353 | D:3      | Reached XP level 5. HP: 33/38 MP: 5/5
  2450 | D:4      | Noticed Robin
  2458 | D:4      | Reached XP level 6. HP: 42/44 MP: 6/6
  2538 | D:4      | Reached skill level 6 in Short Blades
  2543 | D:3      | HP: 1/44 [burnt (5)]
  2553 | D:3      | HP: 2/44 [burnt (6)]
  2623 | D:4      | Killed Robin
  2738 | D:4      | Noticed Menkaure
  2765 | D:4      | Killed Menkaure
  2766 | D:4      | Reached skill level 7 in Short Blades
  2766 | D:4      | Gained mutation: You have large cloven feet. [demonic
                  | ancestry]
  2766 | D:4      | Reached XP level 7. HP: 10/50 MP: 7/7
  2774 | D:4      | Found Teleoxt's Armour Shop.
  3183 | D:4      | Found a staircase to the Ecumenical Temple.
  3329 | Temple   | Entered the Ecumenical Temple
  3350 | Temple   | Became a worshipper of Uskayaw the Reveller
  3402 | D:5      | Entered Level 5 of the Dungeon
  3431 | D:5      | Found an ornate altar of the Wu Jian Council.
  3470 | D:5      | Reached * piety under Uskayaw
  3494 | D:5      | Reached skill level 1 in Dodging
  3507 | D:5      | Reached skill level 1 in Invocations
  3595 | D:5      | Reached ** piety under Uskayaw
  3611 | D:5      | Reached *** piety under Uskayaw
  3713 | D:5      | Noticed Blork the orc
  3739 | D:5      | Killed Blork the orc
  3902 | D:5      | Reached skill level 8 in Short Blades
  3902 | D:5      | Gained mutation: You have hoof-like feet. [demonic
                  | ancestry]
  3902 | D:5      | Reached XP level 8. HP: 53/57 MP: 9/9
  4250 | D:6      | Identified the +0 leather armour of the Merchant {+Blink
                  | rF+}
  4401 | D:6      | Noticed Jeremiah
  4409 | D:6      | Killed Jeremiah
  4488 | D:6      | Learned a level 3 spell: Confusing Touch
  5042 | D:7      | Gained mutation: You are partially covered in razor-sharp
                  | scales. (AC +1, Slay +1) [demonic ancestry]
  5042 | D:7      | Reached XP level 9. HP: 65/65 MP: 12/12
  5076 | D:7      | Noticed Prince Ribbit
  5080 | D:7      | Killed Prince Ribbit
  5101 | D:7      | Reached skill level 9 in Short Blades
  5101 | D:7      | Reached skill level 5 in Stealth
  5222 | D:7      | Reached skill level 5 in Invocations
  5903 | D:8      | Reached skill level 5 in Fighting
  5907 | D:8      | Reached **** piety under Uskayaw
  6263 | D:8      | Reached skill level 10 in Short Blades
  6287 | D:8      | Gained mutation: You regenerate magic rapidly. [demonic
                  | ancestry]
  6287 | D:8      | Reached XP level 10. HP: 62/70 MP: 14/14
  6479 | D:8      | Identified the +4 dagger "Helye" {antimagic, ^Drain rN++
                  | Int+2 Stlth+}
  6608 | D:8      | Reached skill level 1 in Hexes
  6732 | D:8      | Reached skill level 1 in Spellcasting
  6747 | D:8      | Reached skill level 5 in Dodging
  6751 | D:8      | Reached ***** piety under Uskayaw
  7036 | D:9      | Noticed a two-headed ogre
  7065 | D:9      | Killed a two-headed ogre
  7266 | D:9      | Noticed Maurice
  7281 | D:9      | Killed Maurice
  7303 | D:9      | Found a staircase to the Orcish Mines.
  7555 | D:9      | Noticed Erica
  7562 | D:9      | Killed Erica
  7936 | D:9      | Found a large runed translucent door.
  7937 | D:9      | Found a large runed translucent door.
  7939 | D:9      | Noticed mopl's ghost (novice DrEn)
  7973 | D:10     | Entered Level 10 of the Dungeon
  8148 | D:10     | Reached skill level 11 in Short Blades
  8152 | D:10     | Reached XP level 11. HP: 78/83 MP: 17/17
  8891 | D:11     | Noticed a brown ugly thing
  8944 | D:10     | Killed from afar by a molten gargoyle

Illustrated notes

Levels and vault maps discovered:
D:1:      scummos_arrival_star, layout_rooms
D:2:      layout_basic, basic_altar, minmay_rat_gold_closets,
          uniq_crazy_yiuf_cottage, uniq_jessica
D:3:      layout_basic, hellmonk_ecumenical_altar_pennies_from_heaven,
          supply_closet_lemuel, uniq_sigmund
D:4:      layout_cave_pools, minmay_temple_entry_nine_rooms, serial_shops, shop,
          uniq_robin, uniq_menkaure
D:5:      layout_rooms, nicolae_wu_jian_wuxing_cycle, uniq_blork_the_orc
D:6:      layout_loops_ring, serial_glass, glass_columns_a, glass_columns_a,
          glass_columns_b, glass_columns_c, glass_columns_a, glass_columns_a,
          glass_columns_c, glass_columns_b, minmay_liquid_box, uniq_jeremiah
D:7:      layout_basic, uniq_prince_ribbit1
D:8:      layout_basic
D:9:      layout_gridville, orc_0_dummy, ebering_ghost_disaster_area,
          nicolae_benzene_ring, uniq_maurice, uniq_erica
D:10:     layout_loops_cross
D:11:     layout_basic, erik_lair_island, serial_undead, serial_undead_d,
          serial_undead_b, serial_undead_c, serial_undead_c, serial_undead_c,
          serial_undead_b, minivault_8
Temple:   mainiacjoe_temple_circle_huts

Skill      XL: |  1  2  3  4  5  6  7  8  9 10 11 |
---------------+----------------------------------+-----
Short Blades   | 2 3 4 5 7 8 10 11 | 11.1
Dodging        | 1 3 4 5 6 |  6.0
Invocations    | 2 4 6 8 |  8.3
Fighting       | 4 5 6 |  6.8
Stealth        | 4 5 |  5.0
Hexes          | 3 |  3.5
Spellcasting   | 2 |  2.5
Throwing       | |  1.7

Action                     |  1- 3 |  4- 6 |  7- 9 | 10-12 || total
---------------------------+-------+-------+-------+-------++-------
  Melee: Dagger            |   113 |   141 |   477 |   303 ||  1034
         Punch             |     1 |     1 |    11 |     5 ||    18
  Throw: Dart              |       |    14 |    19 |     9 ||    42
   Cast: Confusing Touch   |       |       |       |     3 ||     3
  Evoke: Wand              |       |       |       |     2 ||     2
    Use: Potion            |       |     3 |       |     1 ||     4
         Scroll            |       |       |     7 |       ||     7
   Stab: Sleeping          |     5 |    17 |    17 |     4 ||    43
         Paralysed         |       |       |     5 |     8 ||    13
         Distracted        |       |       |     1 |     1 ||     2
         Confused          |       |       |       |     3 ||     3
 Armour: Robe              |    88 |    74 |   143 |       ||   305
         Steam dragon scal |       |       |    87 |   119 ||   206
  Dodge: Dodged            |    73 |    63 |   196 |   134 ||   466
